 Dungeon Crawl Stone Soup version 0.19.1 (webtiles) character file.

20033 CakeIsGreat the Geomancer (level 12, -11/72 HPs)
             Began as a Gargoyle Earth Elementalist on Dec 20, 2016.
             Was a High Priest of Vehumet.
             Mangled by Snorg (24 damage)
             ... on level 3 of the Lair of Beasts.
             The game lasted 00:40:47 (17976 turns).

CakeIsGreat the Geomancer (GrEE)                   Turns: 17976, Time: 00:40:48

Health: -11/72     AC: 14    Str: 11    XL:     12   Next: 75%
Magic:  17/34      EV: 12    Int: 22    God:    Vehumet [*****.]
Gold:   258        SH:  0    Dex: 10    Spells: 4 memorised, 18 levels left

rFire  . . .     SeeInvis +     m - +7 great mace "Undeadhunter" {disrupt, rN+}
rCold  . . .     Gourm    .     c - +1 robe
rNeg   + + .     Faith    .     (shield currently unavailable)
rPois  ∞         Spirit   .     D - +1 hat {SInv}
rElec  +         Reflect  .     (no cloak)
rCorr  .         Harm     .     t - +0 pair of gloves
MR     .....                    (no boots)
Stlth  ++........               (no amulet)
                                o - ring of magical power
                                v - ring of wizardry

@: no status effects
A: negative energy resistance 1, electricity resistance, unbreathing,
petrification resistance, rot immunity, AC +8
a: Renounce Religion


You were on level 3 of the Lair of Beasts.
You worshipped Vehumet.
Vehumet was extremely pleased with you.
You were hungry.

You visited 3 branches of the dungeon, and saw 15 of its levels.

You collected 712 gold pieces.
You spent 454 gold pieces at shops.

Inventory:

Hand Weapons
 k - a +0 mace
 m - the +7 great mace "Undeadhunter" (weapon) {disrupt, rN+}
   (You found it on level 6 of the Dungeon)

   It protects you from negative energy.
 w - a +1 flail of holy wrath
Missiles
 b - 400 stones (quivered)
Armour
 c - a +1 robe (worn)
 t - a +0 pair of gloves (worn)
 D - a +1 hat of see invisible (worn)
 R - a +0 buckler
Jewellery
 o - a ring of magical power (right hand)
 q - an uncursed ring of poison resistance {unknown}
 v - a ring of wizardry (left hand)
Wands
 h - a wand of iceblast (5/15)
 u - a wand of polymorph (11/24)
 J - a wand of flame (30/48)
Scrolls
 j - a scroll of acquirement {unknown}
 l - a scroll of silence
 n - 12 scrolls of remove curse
 p - 7 scrolls of identify
 x - a scroll of fog {unknown}
 y - a scroll of noise {unknown}
 N - 2 scrolls of magic mapping
 O - 2 scrolls of enchant armour
Potions
 a - 3 potions of agility
 e - a potion of invisibility
 f - 3 potions of heal wounds
 r - a potion of resistance
 A - 3 potions of curing
 P - a potion of haste
Comestibles
 d - 4 bread rations
 g - 9 meat rations
 i - 4 slices of pizza
 s - 5 beef jerkies
 I - 9 royal jellies


   Skills:
 + Level 7.3 Fighting
 + Level 6.7 Maces & Flails
 + Level 7.0 Armour
 + Level 2.5 Dodging
 - Level 2.1 Stealth
 * Level 9.6 Spellcasting
 * Level 8.3 Conjurations
   Level 0.7 Transmutations
 * Level 4.4 Fire Magic
 * Level 10.3 Earth Magic
 + Level 6.1 Evocations


You had 18 spell levels left.
You knew the following spells:

 Your Spells              Type           Power        Failure   Level  Hunger
a - Sandblast             Erth           ######       1%          1    None
b - Stone Arrow           Conj/Erth      ######       1%          3    None
c - Lee's Rapid Deconstr  Erth           ######....   1%          5    ####...
d - Conjure Flame         Conj/Fire      #####...     1%          3    None


Dungeon Overview and Level Annotations

Branches:
Dungeon (11/15)            Temple (1/1) D:4            Lair (3/6) D:11
  Swamp: Lair:2-4    Shoals: Lair:2-4     Snake: Lair:2-4    Spider: Lair:2-4
    Orc: D:9-12

Altars:
Ashenzari
Cheibriados
Dithmenos
Elyvilon
Fedhas
Gozag
Hepliaklqana
Kikubaaqudgha
Makhleb
Nemelex Xobeh
Okawaru
Qazlal
Ru
Sif Muna
Trog
Uskayaw
Vehumet
Xom
Yredelemnul
Zin
The Shining One

Shops:
D:6 (   D:10 !

Annotations:
D:4 monokles's ghost, novice DsNe
Lair:3 Snorg


Innate Abilities, Weirdness & Mutations

You are resistant to torment.
Your stone body is resilient. (AC +8)
You are immune to poison.
You resist negative energy. (rN+)
You are resistant to electric shocks. (rElec)
You can survive without breathing.
You are immune to petrification.
You are immune to rotting.


Message History

Snorg claws you!
* * * LOW HITPOINT WARNING * * *
Snorg claws you.
* * * LOW HITPOINT WARNING * * *
You feel better. Snorg bites you but does no damage. Snorg barely misses you.
Snorg claws you!
* * * LOW HITPOINT WARNING * * *
You feel better. Snorg barely misses you. Snorg claws you!
* * * LOW HITPOINT WARNING * * *
Snorg claws you but does no damage. Snorg closely misses you. x2
Snorg claws you but does no damage.
You feel better. Snorg bites you but does no damage.
Snorg claws you but does no damage. x2
A hippogriff comes into view.
You feel better.
The hippogriff screeches!
Snorg closely misses you. Snorg claws you!
* * * LOW HITPOINT WARNING * * *
Snorg barely misses you.
The hippogriff moves out of view.
Snorg bites you!!
You die...

..#.# .#.≈ . ..#. ... ≈..
.. ... ..##♣≈... .## ...
.. ...#...#. .. .... ##.
........ .###.#
.....#@.#.###..## .....P
......t#.##.....#
...............T@.......#
..................P.....##
.................PP......#
.............#...P##.....#
.##.P..###.. ##.######..P#
####P.PP##. ###.#P##..###
##......P# ##.....#...#.#
##......##. #.......+...##
........##.. #.....###..##


You could see Rupert, Snorg (berserk) and a crocodile.

Vanquished Creatures
  Gastronok (D:8)
  A hydra (Lair:1)
  Erolcha (D:9)
  A hill giant (D:11)
  Pikel (D:5)
  A cyclops (D:11)
  A manticore (D:11)
  Maurice (D:9)
  Joseph (D:9)
  A centaur zombie (D:9)
  A gargoyle (D:11)
  3 spiny frogs (Lair:1)
  2 komodo dragons
  A troll (D:9)
  4 polar bears (D:9)
  4 hornets
  Grinder (D:3)
  2 dream sheep (D:9)
  A meliai zombie (D:10)
  4 hippogriffs
  8 yaks
  A basilisk (Lair:1)
  A wyvern (D:11)
  A steam dragon (D:11)
  2 hungry ghosts
  Menkaure (D:7)
  Edmund (D:5)
  A soldier ant (D:9)
  3 water moccasins
  8 porcupines
  A slave (D:5)
  An ice beast (D:9)
  2 orc warriors
  6 black bears
  2 phantoms
  A hornet zombie (D:6)
  3 sky beasts
  A necrophage (D:11)
  7 wolves
  4 ogres
  3 centaurs
  4 crocodiles
  5 big kobolds
  Blork the orc (D:5)
  7 bullfrogs
  2 scorpions
  A wyvern skeleton (D:10)
  5 killer bees (D:9)
  5 wights (D:9)
  2 electric eels (Lair:1)
  7 crimson imps
  A bullfrog zombie (D:10)
  6 hounds
  4 orc priests
  A centaur skeleton (D:4)
  A gnoll shaman (D:9)
  Terence (D:3)
  Jessica (D:2)
  4 iguanas
  Natasha (D:3)
  12 orc wizards
  7 worker ants
  2 hound zombies (D:6)
  3 hound skeletons
  A worker ant zombie (D:10)
  Robin (D:2)
  9 gnolls
  3 river rats (D:11)
  9 adders
  A shadow imp (D:7)
  An adder skeleton (D:9)
  2 worms
  3 dart slugs
  10 leopard geckos
  41 orcs
  3 ball pythons
  6 giant cockroaches
  15 goblins
  6 hobgoblins
  4 jackals (D:6)
  10 quokkas
  5 bats
  2 frilled lizards (D:2)
  18 kobolds
  A leopard gecko skeleton (D:4)
  A quokka zombie (D:8)
  7 rats
333 creatures vanquished.

Vanquished Creatures (others)
  A slave (D:5)
  A worker ant zombie (D:5)
  A fungus (Lair:2)
  2 plants
5 creatures vanquished.

Grand Total: 338 creatures vanquished

Notes
Turn   | Place    | Note
-------+----------+-------------------------------------------
     0 | D:1      | CakeIsGreat the Gargoyle Earth Elementalist began the quest for the Orb.
     0 | D:1      | Reached XP level 1. HP: 10/10 MP: 3/3
   701 | D:1      | Reached XP level 2. HP: 15/15 MP: 3/5
   953 | D:1      | Reached skill level 4 in Earth Magic
   953 | D:1      | Reached XP level 3. HP: 19/19 MP: 0/7
  1023 | D:1      | Learned a level 3 spell: Stone Arrow
  1551 | D:2      | Noticed Jessica
  1555 | D:2      | Killed Jessica
  1735 | D:2      | Reached skill level 1 in Conjurations
  1735 | D:2      | Reached XP level 4. HP: 24/24 MP: 6/8
  2399 | D:3      | Noticed Robin
  2445 | D:2      | Killed Robin
  2801 | D:3      | Noticed Terence
  2834 | D:3      | Killed Terence
  2834 | D:3      | Reached XP level 5. HP: 28/28 MP: 0/10
  3464 | D:3      | Reached skill level 5 in Earth Magic
  3629 | D:3      | Learned a level 5 spell: Lee's Rapid Deconstruction
  3773 | D:3      | Noticed Natasha
  3777 | D:3      | Killed Natasha
  3777 | D:3      | Reached XP level 6. HP: 32/32 MP: 5/12
  3837 | D:3      | Noticed Grinder
  3870 | D:3      | Killed Grinder
  3870 | D:3      | Reached skill level 1 in Fighting
  3870 | D:3      | Reached skill level 1 in Maces & Flails
  3870 | D:3      | Reached skill level 1 in Armour
  3870 | D:3      | Reached XP level 7. HP: 28/38 MP: 0/13
  4413 | D:4      | Reached skill level 1 in Evocations
  4577 | D:4      | Noticed monokles's ghost (novice DsNe)
  5050 | D:4      | Found a staircase to the Ecumenical Temple.
  5171 | Temple   | Entered the Ecumenical Temple
  5243 | Temple   | Became a worshipper of Vehumet
  5412 | D:5      | Entered Level 5 of the Dungeon
  5644 | D:5      | Noticed Edmund
  5678 | D:5      | Killed Edmund
  5678 | D:5      | Reached skill level 5 in Spellcasting
  5912 | D:5      | Reached skill level 6 in Earth Magic
  5912 | D:5      | Reached XP level 8. HP: 44/44 MP: 1/15
  6222 | D:5      | Noticed Blork the orc
  6246 | D:5      | Killed Blork the orc
  6389 | D:5      | Noticed Pikel
  6457 | D:5      | Killed Pikel
  7186 | D:6      | Reached XP level 9. HP: 46/51 MP: 8/18
  7679 | D:6      | Reached skill level 7 in Earth Magic
  7850 | D:6      | Reached * piety under Vehumet
  7850 | D:6      | Offered knowledge of Magic Dart by Vehumet.
  8116 | D:6      | Found Jeimopt's Weapon Emporium.
  8419 | D:7      | Reached skill level 5 in Conjurations
  8781 | D:7      | Noticed Menkaure
  8787 | D:7      | Killed Menkaure
  9560 | D:8      | Offered knowledge of Flame Tongue by Vehumet.
  9781 | D:8      | Noticed Gastronok
  9995 | D:8      | Found a shadowy altar of Dithmenos.
 10118 | D:8      | Killed Gastronok
 10118 | D:8      | Reached skill level 8 in Earth Magic
 10118 | D:8      | Reached XP level 10. HP: 45/58 MP: 1/21
 10343 | D:8      | Reached ** piety under Vehumet
 10760 | D:9      | Reached skill level 5 in Fighting
 10786 | D:9      | Reached skill level 5 in Armour
 11082 | D:9      | Noticed Maurice
 11087 | D:9      | Killed Maurice
 11087 | D:9      | Reached skill level 5 in Maces & Flails
 11378 | D:9      | Offered knowledge of Conjure Flame by Vehumet.
 11387 | D:9      | Learned a level 3 spell: Conjure Flame
 11391 | D:9      | Reached XP level 11. HP: 53/64 MP: 3/23
 11588 | D:9      | Noticed Joseph
 11588 | D:9      | Reached *** piety under Vehumet
 11735 | D:9      | Reached skill level 5 in Evocations
 11768 | D:9      | Reached skill level 1 in Fire Magic
 12120 | D:9      | Killed Joseph
 12120 | D:9      | Offered knowledge of Inner Flame by Vehumet.
 12323 | D:9      | Reached skill level 9 in Earth Magic
 12392 | D:9      | Noticed Erolcha
 12413 | D:9      | Killed Erolcha
 12587 | D:9      | Found a huge runed gate.
 12587 | D:9      | Found a huge runed gate.
 12587 | D:9      | Found a huge runed gate.
 12588 | D:9      | Found a huge runed gate.
 13789 | D:10     | Entered Level 10 of the Dungeon
 13974 | D:10     | Found Eserome's Distillery.
 13984 | D:10     | Bought a potion of mutation for 32 gold pieces
 13984 | D:10     | Bought a potion of mutation for 32 gold pieces
 13984 | D:10     | Bought a potion of cure mutation for 325 gold pieces
 13984 | D:10     | Bought a potion of heal wounds for 65 gold pieces
 13998 | D:10     | Reached **** piety under Vehumet
 14018 | D:10     | Found a shattered altar of Ashenzari.
 14433 | D:11     | Offered knowledge of Irradiate by Vehumet.
 14453 | D:11     | Noticed a manticore
 14459 | D:11     | Killed a manticore
 14678 | D:11     | Noticed a hill giant
 14688 | D:11     | Killed a hill giant
 14715 | D:11     | Reached XP level 12. HP: 32/71 MP: 1/25
 15250 | D:11     | Found a staircase to the Lair.
 15268 | Lair:1   | Entered Level 1 of the Lair of Beasts
 15464 | Lair:2   | Gained mutation: You occasionally shout uncontrollably at your foes. [potion of mutation]
 15464 | Lair:2   | Gained mutation: Your body sometimes deteriorates upon taking damage. [potion of mutation]
 15464 | Lair:2   | Gained mutation: You expend magic power (3 MP) to strengthen your wands. [potion of mutation]
 15465 | Lair:2   | Lost mutation: You occasionally shout uncontrollably at your foes. [potion of cure mutation]
 15465 | Lair:2   | Lost mutation: You expend magic power (3 MP) to strengthen your wands. [potion of cure mutation]
 15465 | Lair:2   | Lost mutation: Your body sometimes deteriorates upon taking damage. [potion of cure mutation]
 15466 | Lair:2   | Gained mutation: You have sharp toenails. [potion of mutation]
 15466 | Lair:2   | Gained mutation: Your spells are a little harder to cast, but a little more powerful. [potion of mutation]
 15466 | Lair:2   | Gained mutation: Potions and wands are less effective at restoring your health. [potion of mutation]
 15467 | Lair:2   | Lost mutation: You have sharp toenails. [potion of cure mutation]
 15467 | Lair:2   | Lost mutation: Potions and wands are less effective at restoring your health. [potion of cure mutation]
 15467 | Lair:2   | Lost mutation: Your spells are a little harder to cast, but a little more powerful. [potion of cure mutation]
 15633 | D:11     | Reached ***** piety under Vehumet
 16161 | Lair:1   | Offered knowledge of Spellforged Servitor by Vehumet.
 16406 | Lair:1   | Reached skill level 10 in Earth Magic
 16424 | Lair:1   | Noticed a four-headed hydra
 16430 | Lair:1   | Killed a four-headed hydra
 17964 | Lair:3   | Noticed Snorg
 17976 | Lair:3   | Mangled by Snorg

Skill      XL: |  1  2  3  4  5  6  7  8  9 10 11 12 |
---------------+-------------------------------------+-----
Earth Magic    | 4 5 6 8 9 10 | 10.3
Spellcasting   | 3 4 5 6 7 8 9 |  9.6
Conjurations   | 1 2 3 4 5 6 7 8 |  8.3
Fighting       | 1 2 3 4 5 6 7 |  7.3
Maces & Flails | 1 2 3 4 5 6 |  6.7
Armour         | 1 2 3 4 5 6 7 |  7.0
Evocations     | 1 2 4 5 6 |  6.1
Fire Magic     | 2 4 |  4.4
Dodging        | 2 |  2.5
Stealth        | |  2.1
Transmutations | |  0.7

Action                   |  1- 3 |  4- 6 |  7- 9 | 10-12 || total
-------------------------+-------+-------+-------+-------++-------
Melee: Unarmed           |    44 |    15 |       |       ||    59
       Mace              |       |    37 |    14 |       ||    51
       Flail             |       |       |   100 |       ||   100
       Great mace        |       |       |    19 |    75 ||    94
 Cast: Sandblast         |    39 |    58 |    50 |    17 ||   164
       Stone Arrow       |     2 |    24 |   148 |   284 ||   458
       Lee's Rapid Decon |       |       |     7 |    59 ||    66
       Conjure Flame     |       |       |       |     2 ||     2
Evoke: Wand              |       |       |     6 |       ||     6
  Use: Scroll            |       |     6 |     3 |     5 ||    14
       Potion            |       |     5 |     4 |    10 ||    19
  Eat: Chunk             |     3 |     9 |    14 |    29 ||    55
       Meat ration       |       |       |     3 |       ||     3
       Beef jerky        |       |       |       |     2 ||     2
       Bread ration      |       |       |       |     1 ||     1
Armor: Robe              |    28 |    49 |    94 |   127 ||   298
Dodge: Dodged            |    40 |    62 |   126 |   203 ||   431
